 Dungeon Sprint DCSS version 0.31.0-32-g396128a36d (webtiles) character file.

Game seed: 17228418937428627760

31 James the Slicer (level 3, 0/33 HPs)
             Began as a Gnoll Wanderer on Mar 24, 2024.
             Splashed by a jelly's acid (4 damage)
             ... in the Dungeon (Sprint IX: "|||||||||||||||||||||||||||||").
             The game lasted 00:01:01 (33 turns).

James the Slicer (Gnoll Wanderer)                     Turns: 33, Time: 00:01:02

Health: 0/33       AC: -7    Str:  8    XL:     3   Next: 22%
Magic:  7/7        EV: 12    Int:  9    God:
Gold:   0          SH:  0    Dex: 18    Spells: 8/8 levels left

rFire   . . .        a - +2 short sword
rCold   . . .        (no shield)
rNeg    . . .        e - +0 leather armour
rPois   .            (no helmet)
rElec   .            c - +0 cloak
rCorr   .            (no gloves)
SInv    .            (no boots)
Will    .....        (no amulet)
Stlth   ++           (no ring)
HPRegen 0.25/turn    (no ring)
MPRegen 0.10/turn

%: no teleportation
@: corroded
A: fangs 1, strong nose, distributed training
a: no special abilities


You were in the Dungeon.
You visited 1 branch

Inventory:

Hand Weapons
 a - a +2 short sword (weapon)
 b - a +0 quarterstaff
Armour
 c - a +0 cloak (worn)
 e - a +0 leather armour (worn)
Scrolls
 k - a scroll of blinking
Potions
 d - a potion of mutation {!q}
 f - a potion of curing {@q1}
 g - a potion of heal wounds {@q2}
 h - a potion of haste {@q3}
 i - 2 potions of magic
 j - a potion of berserk rage


   Skills:
 + Level 5.0 Fighting
 + Level 10.6 Short Blades
 + Level 2.0 Long Blades
 + Level 2.0 Axes
 + Level 2.0 Maces & Flails
 + Level 2.0 Polearms
 + Level 3.2 Staves
 + Level 2.0 Ranged Weapons
 + Level 2.0 Throwing
 + Level 2.0 Armour
 + Level 2.0 Dodging
 + Level 3.1 Stealth
 + Level 2.0 Shields
 + Level 2.0 Unarmed Combat
 + Level 3.4 Spellcasting
 + Level 1.5 Conjurations
 + Level 1.5 Hexes
 + Level 1.5 Summonings
 + Level 1.5 Necromancy
 + Level 1.5 Translocations
 + Level 1.5 Fire Magic
 + Level 1.5 Ice Magic
 + Level 1.5 Air Magic
 + Level 1.5 Earth Magic
 + Level 1.5 Alchemy
 + Level 2.2 Invocations
 + Level 2.0 Evocations
 + Level 1.8 Shapeshifting


You had 8 spell levels left.
You didn't know any spells.
Your spell library was empty.

Dungeon Overview and Level Annotations

Branches:
Dungeon (1/1)

Altars:


Innate Abilities, Weirdness & Mutations

You have very sharp teeth.
Your uncanny sense of smell can sniff out nearby items.
Your experience applies equally to all skills.


Message History

You impale the orc priest!!
You kill the orc priest!
Your Fighting skill increases to level 5!
Your Long Blades skill gained 2 levels and is now at level 2!
Your Axes skill gained 2 levels and is now at level 2!
Your Maces & Flails skill gained 2 levels and is now at level 2!
Your Polearms skill gained 2 levels and is now at level 2!
Your Staves skill increases to level 3!
Your Ranged Weapons skill gained 2 levels and is now at level 2!
Your Throwing skill gained 2 levels and is now at level 2!
Your Armour skill gained 2 levels and is now at level 2!
Your Dodging skill gained 2 levels and is now at level 2!
Your Stealth skill increases to level 3!
Your Shields skill gained 2 levels and is now at level 2!
Your Unarmed Combat skill gained 2 levels and is now at level 2!
Your Spellcasting skill increases to level 3!
Your Conjurations skill increases to level 1!
Your Hexes skill increases to level 1!
Your Summonings skill increases to level 1!
Your Necromancy skill increases to level 1!
Your Translocations skill increases to level 1!
Your Fire Magic skill increases to level 1!
Your Ice Magic skill increases to level 1!
Your Air Magic skill increases to level 1!
Your Earth Magic skill increases to level 1!
Your Alchemy skill increases to level 1!
Your Invocations skill increases to level 2!
Your Evocations skill gained 2 levels and is now at level 2!
Your Shapeshifting skill increases to level 1!
You have reached level 2!
You have reached level 3!
Your experience leads to an increase in your attributes!
Increase (S)trength, (I)ntelligence, or (D)exterity?
You feel clever. x2
You aren't carrying any items that you can evoke.
Unknown command.
Okay, then.
Unknown command.
Unknown command.
You hit the jelly.
Your hands burn!
The jelly hits you.
You are splashed with acid!
You puncture the jelly! The acid corrodes you!
Your hands burn!
You hit the jelly but do no damage.
Your hands burn!
* * * LOW HITPOINT WARNING * * *
The jelly hits you.
* * * LOW HITPOINT WARNING * * *
The acid corrodes you!
You are splashed with acid!
* * * LOW HITPOINT WARNING * * *
You hit the jelly but do no damage. The acid corrodes you!
Your hands burn!
You die...

∆
▓+▓
∆
▓Y▓
∆
▓S▓
∆
▓.▓
∆
▓l▓
∆
▓J▓
∆
▓@▓
∆
▓.▓
∆
▓.▓
∆
▓.▓
▓.▓
▓)▓
▓†▓
▓.▓
▓.▓


You could see an ice beast, an iguana, a jelly and an adder (asleep).

Vanquished Creatures
  An orc priest (D)
  2 goblins (D)
  2 ball pythons (D)
  A bat (D)
6 creatures vanquished.

Notes
Turn   | Place    | Note
-------+----------+-------------------------------------------
     0 | D        | Reached skill level 10 in Short Blades
     0 | D        | James the Gnoll Wanderer began the quest for the Orb.
     0 | D        | James set off with the following items: a +2 short sword, a
                  | +0 quarterstaff, a +0 cloak, a potion of mutation {!q}, a
                  | +0 leather armour, a potion of curing {@q1}, a potion of
                  | heal wounds {@q2}, a potion of haste {@q3}, 2 potions of
                  | magic, a potion of berserk rage, a scroll of blinking.
     0 | D        | Reached XP level 1. HP: 20/20 MP: 4/4
    19 | D        | Reached skill level 1 in Invocations
    26 | D        | Noticed an ice beast
    26 | D        | Noticed an iguana
    26 | D        | Noticed a jelly
    26 | D        | Noticed an orc priest
    28 | D        | Killed an orc priest
    29 | D        | Reached skill level 5 in Fighting
    29 | D        | Reached skill level 1 in Conjurations
    29 | D        | Reached skill level 1 in Hexes
    29 | D        | Reached skill level 1 in Summonings
    29 | D        | Reached skill level 1 in Necromancy
    29 | D        | Reached skill level 1 in Translocations
    29 | D        | Reached skill level 1 in Fire Magic
    29 | D        | Reached skill level 1 in Ice Magic
    29 | D        | Reached skill level 1 in Air Magic
    29 | D        | Reached skill level 1 in Earth Magic
    29 | D        | Reached skill level 1 in Alchemy
    29 | D        | Reached skill level 1 in Shapeshifting
    29 | D        | Reached XP level 2. HP: 27/27 MP: 6/6
    29 | D        | Reached XP level 3. HP: 33/33 MP: 7/7
    33 | D        | Splashed by a jelly's acid

Illustrated notes

Levels and vault maps discovered:
D:        linesprint [early_d, line_temple, items_1, d_10, items_2, lair_1,
          lair_end, items_3, orc_1, orc_end, items_4, d_15, swamp_1, shoals_1,
          snake_1, spider_1, d_20, vaults_1, items_5, swamp_end, shoals_end,
          snake_end, spider_end, vaults_end, d_27, items_6, zot_1, zot_end,
          crypt_end, forest_end, elf_end, slime_end, tomb_end, abyss_end,
          pan_hell_end]

Skill      XL: |  1 |
---------------+----+-----
Short Blades   | | 10.6
Invocations    | 2 |  2.2
Fighting       | 5 |  5.0
Long Blades    | 2 |  2.0
Axes           | 2 |  2.0
Maces & Flails | 2 |  2.0
Polearms       | 2 |  2.0
Staves         | 3 |  3.2
Ranged Weapons | 2 |  2.0
Throwing       | 2 |  2.0
Armour         | 2 |  2.0
Dodging        | 2 |  2.0
Stealth        | 3 |  3.1
Shields        | 2 |  2.0
Unarmed Combat | 2 |  2.0
Spellcasting   | 3 |  3.4
Conjurations   | 1 |  1.5
Hexes          | 1 |  1.5
Summonings     | 1 |  1.5
Necromancy     | 1 |  1.5
Translocations | 1 |  1.5
Fire Magic     | 1 |  1.5
Ice Magic      | 1 |  1.5
Air Magic      | 1 |  1.5
Earth Magic    | 1 |  1.5
Alchemy        | 1 |  1.5
Evocations     | 2 |  2.0
Shapeshifting  | 1 |  1.8

Action                     || total
---------------------------++-------
  Melee: Short sword       ||    19
   Stab: Sleeping          ||     1
 Armour: Leather armour    ||     7
  Dodge: Dodged            ||     4
